 Dungeon Crawl Stone Soup version 0.27-a0-1332-g84bddb5ca7 (webtiles) character file.

Game seed: 12843194312028641664

5 hilljack the Sneak (level 1, -11/20 HPs)
             Began as a Minotaur Delver on June 26, 2021.
             Mangled by an ogre (31 damage)
             ... on level 5 of the Dungeon.
             The game lasted 00:00:43 (84 turns).

hilljack the Sneak (Minotaur Delver)                  Turns: 84, Time: 00:00:44

Health: -11/20     AC:  3    Str: 16    XL:     1   Next: 66%
Magic:  0/0        EV: 11    Int:  7    God:
Gold:   23         SH:  5    Dex: 11    Spells: 0/0 levels left

rFire    . . .     SeeInvis .   a - +1 falchion
rCold    . . .     Faith    .   h - +2 buckler
rNeg     . . .     Spirit   .   b - +0 leather armour
rPois    .         Reflect  .   (helmet restricted)
rElec    .         Harm     .   (no cloak)
rCorr    .         Rampage  .   (no gloves)
Will     .....                  (no boots)
Stlth    ++........             (no amulet)
HPRegen  0.06/turn              (no ring)
MPRegen  0.07/turn              (no ring)

@: no status effects
A: horns 2, retaliatory headbutt
a: no special abilities


You were on level 5 of the Dungeon.
You visited 1 branch of the dungeon, and saw 1 of its levels.

You collected 23 gold pieces.

Inventory:

Hand Weapons
 a - a +1 falchion (weapon)
Armour
 b - a +0 leather armour (worn)
 h - a +2 buckler (worn)
Wands
 g - a wand of digging (3)
Scrolls
 c - a scroll of fog
 d - a scroll of magic mapping
 e - a scroll of fear
Potions
 f - a potion of haste


   Skills:
 + Level 3.7 Fighting
 + Level 2.6 Long Blades
 + Level 0.5 Armour
 + Level 2.3 Dodging
 - Level 4.1 Stealth


You couldn't memorise any spells.
You didn't know any spells.
Your spell library was empty.

Dungeon Overview and Level Annotations

Branches:
Dungeon (5/15)
 Temple: D:4-7

Altars:


Innate Abilities, Weirdness & Mutations

You have a pair of horns on your head.
You reflexively headbutt those who attack you in melee.


Message History

An ufetubus comes into view.
Found 10 gold pieces and a scroll labelled LOLAW QOOTORCH.
You slash the ufetubus!
You kill the ufetubus!
No target in view!
No target in view!
i - a scroll labelled ORUCUL IREEN
j - a scroll labelled LOLAW QOOTORCH
As you read the scroll labelled ORUCUL IREEN, it crumbles to dust.
It is a scroll of identify.
j - a scroll of enchant weapon
As you read the scroll of enchant weapon, it crumbles to dust.
Your +0 falchion glows red for a moment.
You now have 23 gold pieces (gained 10).
Found 25 arrows.
i - a scroll labelled HUGUIS RUACIOF
As you read the scroll labelled HUGUIS RUACIOF, it crumbles to dust.
You feel strangely unstable.
It was a scroll of teleportation.
Your surroundings suddenly seem different.
An ogre comes into view. It is wielding a +0 giant club.
The ogre shouts!
A water moccasin skeleton comes into view.
The ogre misses you.
You riposte.
You slash the ogre!
The ogre is moderately wounded.
You hit the ogre.
The ogre is moderately wounded.
The ogre closely misses you.
You hit the ogre.
The ogre is moderately wounded.
The ogre misses you. You furiously retaliate!
You headbutt the ogre.
You riposte.
You hit the ogre.
The ogre is severely wounded.
You hit the ogre.
The ogre is severely wounded.
The ogre closely misses you.
You hit the ogre.
The ogre is almost dead.
The ogre hits you with a +0 giant club!!
Ouch! That really hurt!
You die...

#...#.#
#.###.#.#
#.....#.#
#######.. ###
##############.#
........@OZ....#
################


You could see an ogre and a water moccasin skeleton.

Vanquished Creatures
  An ufetubus (D:5)
1 creature vanquished.

Notes
Turn   | Place    | Note
-------+----------+-------------------------------------------
     0 | D:5      | hilljack the Minotaur Delver began the quest for the Orb.
     0 | D:5      | Reached XP level 1. HP: 19/19 MP: 0/0
    79 | D:5      | Noticed an ogre
    84 | D:5      | Mangled by an ogre

Illustrated notes

Levels and vault maps discovered:
D:5:      layout_basic, hangedman_minor_gate_pass, uniq_blork_the_orc

Action                   || total
-------------------------++-------
Melee: Falchion          ||     5
  Use: Scroll            ||     3
Dodge: Dodged            ||     4
       Rpst.: Falchion   ||     2

Table legend: (Time is in decaauts)
 A = Elapsed time spent in this place.
 B = Non-inter-level travel time spent in this place.
 C = Inter-level travel time spent in this place.
 D = Time resting spent in this place.
 E = Time spent auto-exploring this place.
 F = Levels seen in this place.
 G = Mean time per level.
                   A        B        C        D        E       F      G
               +--------+--------+--------+--------+--------+-----+--------+
         Total |     84 |     84 |      0 |      0 |     51 |   1 |   84.0 |
       Dungeon |     84 |     84 |      0 |      0 |     51 |   1 |   84.0 |
               +--------+--------+--------+--------+--------+-----+--------+

Top non-repeatable levels by time:
     D:5: 84 daAuts
